[Event "55th Biel Festival MTO 2022"]
[Site "Biel"]
[Date "2022.07.19"]
[Round "6.25"]
[White "Aaron Deepak"]
[Black "Gaehwiler Gabriel"]
[Result "0-1"]
[ECO "A36"]
[WhiteElo "2221"]
[BlackElo "2420"]
[Annotator "TA"]
[PlyCount "150"]
[EventDate "2022.07.13"]
[EventType "swiss"]
[EventCountry "SUI"]
[SourceTitle "playchess.com"]
[Source "ChessBase"]
[SourceQuality "1"]
[TimeControl "40/5400+30:1800+30"]

1. c4 Nf6 2. Nc3 g6 3. e4 d6 4. g3 Bg7 5. Bg2 O-O 6. Nge2 c5 7. O-O Nc6 8. d3 Rb8 9. h3 Ne8 {[%emt 0:10:23] A36: Symmetrical English vs ...g6: 4 Bg2 Bg7.} 10. Be3 Nd4 {[%emt 0:00:31] has lost popularity (10...Nc7).} 11. Qc1 Nc7 {[%emt 0:09:36] The position is equal.} 12. Bh6 {[%emt 0:01:43] [#]} Bxh6 $146 ({Predecessor:} 12... Nce6 13. Bxg7 Kxg7 14. f4 Nxe2+ 15. Nxe2 Nd4 16. Nxd4 cxd4 17. f5 f6 18. b4 Bd7 {0-1 (66) Mammadova,G (2385)-Ilyuchyk,Y (1992) Heraklion 2017}) 13. Qxh6 b5 {[%emt 0:00:05] With the idea ...bxc4.} 14. b3 e5 15. f4 f6 16. g4 Qe7 17. f5 Qg7 18. Qd2 b4 19. Nd1 g5 20. Kf2 Qh6 21. Ng3 Qh4 (21... a5 $11) 22. Ne3 $14 Bd7 23. Bf3 Qh6 (23... Qxh3 $2 24. Rh1 Qxh1 25. Rxh1 $18) 24. Ng2 a5 (24... Qxh3 $2 25. Rh1 Qxh1 26. Rxh1 $18) 25. h4 a4 26. Bd1 axb3 27. axb3 Ra8 28. Rb1 Ra3 29. Rh1 Be8 30. Rb2 Bf7 31. hxg5 Qxg5 32. Qxg5+ fxg5 33. Rh6 Rd8 34. Ne3 Kg7 35. Rh1 Ne8 {[%emt 0:00:11] Active counter play!} 36. Nh5+ (36. Nc2 $15 Rxb3 37. Rxb3 Nxb3 38. Nxb4) 36... Bxh5 $17 37. Rxh5 h6 38. Nd5 Ra1 39. Rd2 Rda8 40. Ke3 Rb1 $1 41. f6+ Nxf6 42. Nxf6 Kxf6 43. Rxh6+ Ke7 {[%emt 0:02:36] White must now prevent ...Kd7.} 44. Rh7+ Ke6 45. Rdh2 Rf8 46. R2h6+ Rf6 {[%emt 0:00:05] Really sharp!} 47. Rxf6+ Kxf6 {[%emt 0:00:02][%mdl 4096] Endgame KRB-KRN} 48. Kd2 Rb2+ ({Inferior is} 48... Nxb3+ 49. Bxb3 Rb2+ 50. Ke3 (50. Bc2 b3 $11) 50... Rxb3 51. Rd7 $15) 49. Kc1 {[%emt 0:00:01] [#]} Rg2 (49... Ra2 $142 $1 50. Rd7 Ra6) 50. Rh6+ ({White should try} 50. Rd7) 50... Ke7 51. Rh7+ Kd8 52. Rh6 {[%emt 0:01:14] Inhibits Ne6.} Ke7 53. Rh7+ {[%emt 0:00:18] [#]} Ke8 $1 54. Rh6 {[%emt 0:00:30] Prevents Ne6.} Kf7 (54... Kd7 $17 {...Ne6 is the strong threat.} 55. Rh7+ Ke8 56. Rh8+ Kf7 57. Rh7+ Kf8 58. Rh8+ Kf7 59. Rh7+ Kf8 60. Rh8+ Kf7) 55. Rh7+ Kg6 56. Rd7 Ne6 57. Rxd6 Kf7 58. Rd7+ Kf8 59. Rd6 Nf4 {[%emt 0:00:13] Strongly threatening ...Ke7.} 60. Kb1 $1 Ke7 {[%emt 0:00:58] Inhibits Rf6.} 61. Rc6 $2 (61. Ra6 $1 $15) 61... Nxd3 $19 62. Bc2 $2 (62. Rc7+ Kd6 63. Rc8 Rb2+ 64. Ka1) 62... Rg1+ 63. Ka2 Ne1 64. Bb1 $2 (64. Bd1) 64... Rxg4 65. Rxc5 Rg2+ 66. Ka1 Nf3 67. Rc7+ Kd6 68. Rb7 Nd4 69. Rxb4 Kc7 {[%emt 0:00:10] Hoping for ...g4.} 70. c5 g4 71. Bd3 Rd2 {[%emt 0:00:09] ( -> ...g3)} 72. Ra4 Rxd3 73. Ra7+ Kc6 74. b4 Nc2+ 75. Kb2 g3 $2 {[%emt 0:00:00][%mdl 32768] Weighted Error Value: White=0.16 (very precise) /Black=0.12 (very precise) . Loss on time!?} 0-1

[Event "55th Biel Festival MTO 2022"]
[Site "Biel"]
[Date "2022.07.19"]
[Round "6.26"]
[White "Dushyant Sharma"]
[Black "Mamedov Edgar"]
[Result "0-1"]
[ECO "B12"]
[WhiteElo "2416"]
[BlackElo "2227"]
[Annotator "TA"]
[PlyCount "144"]
[EventDate "2022.07.13"]
[EventType "swiss"]
[EventCountry "SUI"]
[SourceTitle "playchess.com"]
[Source "ChessBase"]
[SourceQuality "1"]
[TimeControl "40/5400+30:1800+30"]

1. e4 c6 2. d4 d5 3. e5 c5 4. dxc5 e6 5. a3 Nc6 6. Nf3 $1 {[%emt 0:03:33] B12: Caro-Kann: Advance Variation.} Bxc5 7. b4 {[%emt 0:00:29] Against Qa5} Bb6 8. Bb2 {[%emt 0:00:18] White has an edge.} f6 9. Bd3 fxe5 $1 10. O-O Nf6 {[%emt 0:03:55] [#] ...e4 is the strong threat.} 11. Nxe5 O-O 12. Nd2 a5 13. b5 {[%emt 0:02:25] 13.c4 is vanishing.} Nxe5 14. Bxe5 Bd7 15. Nf3 {[%emt 0:22:52] [#]} Be8 $146 ({Predecessor:} 15... Ng4 16. h3 Rxf3 17. hxg4 Rf7 18. c3 Qg5 19. Bd4 Bc7 20. Be3 Qh4 21. f4 e5 {½-½ (54) Koziol,K (2290)-Kaczmarek,A (2398) Pokrzywna 2018}) 16. Ng5 Qe7 17. Qe2 h6 18. Nh3 Nd7 19. Rae1 Bf7 20. Bb2 Rae8 21. Qg4 {[%emt 0:06:33][%csl Gb2][%cal Rg4g7] [#]} e5 $1 22. c4 dxc4 (22... d4 $17 {White must now prevent ...Nc5.} 23. f4 Nf6) 23. Bxc4 $15 Bxc4 24. Qxc4+ Qf7 25. Qh4 (25. Qxf7+ $15 Rxf7 26. Re2) 25... Qb3 {[%emt 0:02:03][%csl LRb2,LRb5] Black continues to play with concentration.} 26. Bc1 Nf6 {[%emt 0:03:43] Black is more active.} 27. a4 (27. Be3 $17 {was necessary.} Bxe3 28. Rxe3 Qxb5 29. Qg3) 27... Bd4 $19 28. Qg3 Qxg3 29. hxg3 Rc8 30. Bd2 b6 31. Rc1 (31. Be3 {was called for.}) 31... Ne4 32. Be3 Nc3 33. Bxd4 exd4 34. Rce1 {[%emt 0:00:16] Prevents Ne2+.} (34. Rc2) 34... d3 35. f3 d2 36. Ra1 Rfd8 37. Nf2 {[%emt 0:00:11] Prevents d1Q.} Rc4 38. Nd1 Nxa4 39. Kf2 Nc5 40. Ke2 Nb3 41. Ra3 Nc1+ 42. Kf2 Rc5 43. Re3 Rxb5 44. Rh1 Nd3+ 45. Ke2 Nb2 46. Nf2 d1=Q+ 47. Nxd1 Nxd1 48. Rxd1 {[%emt 0:00:08][%mdl 4096] Endgame KRR-KRR} Rb2+ 49. Ke1 Rxd1+ 50. Kxd1 Rxg2 {[%emt 0:00:07] KR-KR} 51. g4 (51. Re8+ $142 Kf7 52. Rb8) 51... a4 52. Kc1 (52. Re8+ $142 Kf7 53. Ra8) 52... b5 53. Kb1 (53. Re8+ $142 Kf7 54. Rb8) 53... Rf2 {[%emt 0:00:14] Threatens to win with ...b4.} 54. Ka1 Kh7 55. Rd3 b4 {[%emt 0:00:49] Strongly threatening ...a3.} 56. Re3 a3 57. Rb3 Kg6 {[%emt 0:00:29][%cal Of2b2] ( -> ...Rb2!)} 58. Rd3 Kg5 59. Rb3 Kf4 60. Rxb4+ Kxf3 61. Rb7 g5 62. Rb6 Rh2 63. Rb4 Rh4 (63... h5 $142 64. gxh5 g4 65. Rc4 g3 66. Rc3+ Kf2 67. Rc2+ Ke1 68. Rc1+ Kd2 69. Rg1 g2 70. Ka2 Ke2 71. Kb3 Kf2 72. Rd1 g1=Q 73. Rxg1 Kxg1 74. Kxa3 Rxh5 75. Kb4 Kf2 76. Kc3 Ke3 77. Kc4 Re5 78. Kb3 Kd3 79. Kb4 Rg5 80. Kb3 Rg4 81. Kb2 Rb4+ 82. Ka3 Kc3 83. Ka2 Rh4 84. Kb1 Ra4 85. Kc1 Ra1#) 64. Kb1 Rxg4 {[%emt 0:00:18] Black mates.} 65. Rb3+ Kg2 66. Rxa3 Rc4 67. Ra6 g4 68. Rxh6 g3 69. Kb2 Kg1 70. Kb3 Rc8 71. Rg6 g2 72. Rf6 Rh8 {[%emt 0:00:16] Weighted Error Value: White=0.54/Black=0.18 (very precise)} 0-1

[Event "55th Biel Festival MTO 2022"]
[Site "Biel"]
[Date "2022.07.19"]
[Round "6.27"]
[White "Materia, Marco"]
[Black "Schlegel Igor"]
[Result "1-0"]
[ECO "E61"]
[WhiteElo "2409"]
[BlackElo "2194"]
[Annotator "TA"]
[PlyCount "87"]
[EventDate "2022.07.13"]
[EventType "swiss"]
[EventCountry "SUI"]
[SourceTitle "playchess.com"]
[Source "ChessBase"]
[SourceQuality "1"]
[TimeControl "40/5400+30:1800+30"]

1. d4 Nf6 2. c4 g6 3. Nc3 Bg7 4. Nf3 d6 5. Bg5 h6 6. Bh4 g5 7. Bg3 Nh5 8. e3 c5 {[%emt 0:00:35] E61: King's Indian: Early deviations for White, including Smyslov System.} 9. Be2 g4 10. Nh4 Nxg3 {[%emt 0:00:20] The position is equal.} 11. hxg3 h5 12. Rc1 {[%emt 0:05:21] [#]} Qb6 $146 ({Predecessor:} 12... cxd4 13. exd4 Nc6 14. d5 Ne5 15. O-O Bd7 16. Ne4 Rc8 17. Re1 Bh6 18. Rc2 Qa5 {1-0 (36) Materia,M (2398)-Kapnisis,S (2450) Heraklion 2022}) 13. Rc2 cxd4 14. Nd5 Qa5+ 15. b4 Qd8 {[%emt 0:00:03] White must now prevent ...e6.} 16. exd4 Nc6 17. Rd2 e6 18. Ne3 Nxb4 19. O-O O-O 20. a3 Nc6 (20... Na6 $1 $11) 21. d5 $14 Ne7 (21... Ne5 $11) 22. c5 $1 dxc5 $2 {[%emt 0:07:46] [#]} (22... e5 $14) 23. d6 $2 ({Only move:} 23. dxe6 $1 $18 Bd4 24. exf7+ Kxf7 25. Nc2) 23... Nc6 $1 $11 {[%emt 0:00:03] Hoping for ...Nd4.} 24. d7 Nd4 25. dxc8=Q Rxc8 26. Nc2 Qa5 27. Nxd4 cxd4 28. a4 Rc3 29. Bd3 Rfc8 30. Rb2 Qc7 31. Rb1 Qe7 {[%emt 0:04:22] [#]} (31... b6 $11 {remains equal.}) 32. Be4 (32. Qe2 $1 $16 ) 32... b6 33. Qd2 {[%emt 0:01:11][%cal Oa4a5] Prevents d3.} R8c4 (33... R8c5 $11) 34. Rb5 (34. a5 $5) 34... Rc5 35. Rd1 Qf6 36. Rbb1 R5c4 (36... Qg5 $11 {was preferrable.}) 37. Qa2 (37. a5 $5) 37... Qe7 38. a5 bxa5 (38... Qa3 $14 39. Qxa3 Rxa3) 39. Qxa5 $16 {[%emt 0:00:21] Threatens to win with Rb8+.} Rc5 40. Rb8+ Rc8 $2 (40... Bf8 $16 41. Qa4 R3c4) 41. Rxc8+ Rxc8 42. Qxh5 f5 $2 {[%emt 0:00:06] [#]} (42... Rc5 43. Qxg4 Qg5) 43. Nxf5 $1 $18 exf5 (43... Qc5 44. Nxg7) 44. Bd5+ {[%emt 0:00:07] Weighted Error Value: White=0.23 (precise) /Black=0.51} 1-0

[Event "55th Biel Festival MTO 2022"]
[Site "Biel"]
[Date "2022.07.19"]
[Round "6.28"]
[White "Song, Julien"]
[Black "Sadeghi, Hassan Roger"]
[Result "1-0"]
[ECO "D24"]
[WhiteElo "2391"]
[BlackElo "2068"]
[Annotator "TA"]
[PlyCount "61"]
[EventDate "2022.07.13"]
[EventType "swiss"]
[EventCountry "SUI"]
[SourceTitle "playchess.com"]
[Source "ChessBase"]
[SourceQuality "1"]
[TimeControl "40/5400+30:1800+30"]

1. d4 d5 2. c4 dxc4 3. e4 c5 4. d5 a6 5. a4 Nf6 6. Nc3 e6 7. Nf3 (7. Bxc4 $5 exd5 8. Nxd5 $14) 7... Nxe4 {[%emt 0:02:32] D24: Queen's Gambit Accepted: 3 Nf3 Nf6 4 Nc3.} 8. Nxe4 exd5 9. Nc3 {[%emt 0:18:25] Pair of Knights!} Be6 {[%emt 0:00:49] White is slightly better.} 10. Ng5 $1 Nc6 11. Nxe6 fxe6 {[%emt 0:03:57] [#]} 12. g3 $146 {[%emt 0:00:07] Bh3 is the strong threat.} ({Predecessor:} 12. Be2 Nd4 13. Bg4 Qf6 14. O-O Bd6 15. Bxe6 Nxe6 16. Nxd5 Qf7 17. Qg4 O-O 18. Qxc4 {0-1 (62) Karttunen,M (2409)-Rantanen,Y (2349) Jyvaskyla 2005}) 12... Nd4 ({Not} 12... d4 13. Ne4 $16 (13. Bxc4 dxc3 14. bxc3 Qxd1+ 15. Kxd1 O-O-O+ 16. Kc2 e5 $11)) 13. Bh3 {[%emt 0:01:48] Strongly threatening 0-0.} Be7 ({Black should try} 13... Bd6) 14. O-O ({White should play} 14. Be3 $16) 14... O-O $14 15. Ne2 e5 16. Ra3 (16. Bg2 $16) 16... Bf6 (16... Qc7 $11) 17. Bg2 {[%emt 0:01:53][%cal Ob2b3] White wants to play b3!} b5 18. axb5 $1 axb5 19. Rxa8 Qxa8 20. Nc3 e4 21. Qh5 $36 {[%emt 0:00:36][%mdl 2048] White fights for an advantage.} Rd8 22. Bg5 {[%emt 0:02:14] And now Bxf6 would win.} Bxg5 23. Qxg5 b4 24. Nd1 Ne2+ ({Better is} 24... Qb8 $11) 25. Kh1 {[%emt 0:00:05] Hoping for f3.} c3 {[%emt 0:00:05] [#]} 26. bxc3 ({Of course not} 26. Ne3 cxb2 27. Nf5 Rd7 28. Nh6+ Kh8 $11) 26... bxc3 27. Ne3 {[%emt 0:00:15] aiming for Nf5.} Nd4 (27... Kh8 $16 {keeps fighting.}) 28. Rc1 $2 (28. Qe7 $18) 28... Rf8 $2 (28... h6 $11 29. Qe7 Rb8) 29. Nxd5 $18 Qa3 (29... Rxf2 {was worth a try.} 30. Bxe4 Qe8 31. Ne7+ Kh8 32. Qxc5 Rf7 33. Qxd4 Rxe7) 30. Bxe4 Qb2 {[%emt 0:01:06] [#]} 31. Bxh7+ $1 {[%emt 0:02:01][%mdl 512] Weighted Error Value: White=0.25 (precise) /Black=0.67} 1-0

[Event "55th Biel Festival MTO 2022"]
[Site "Biel"]
[Date "2022.07.19"]
[Round "6.29"]
[White "Lou Vincent"]
[Black "Aziz, Husain"]
[Result "1/2-1/2"]
[ECO "D41"]
[WhiteElo "2200"]
[BlackElo "2380"]
[Annotator "TA"]
[PlyCount "73"]
[EventDate "2022.07.13"]
[EventType "swiss"]
[EventCountry "SUI"]
[SourceTitle "playchess.com"]
[Source "ChessBase"]
[SourceQuality "1"]
[TimeControl "40/5400+30:1800+30"]

1. d4 d5 2. c4 e6 3. Nf3 Nf6 4. Nc3 c5 5. cxd5 Nxd5 6. e4 Nxc3 7. bxc3 cxd4 8. cxd4 Bb4+ 9. Bd2 Bxd2+ 10. Qxd2 O-O 11. Bc4 Nd7 12. O-O b6 13. Rfe1 Bb7 14. Rad1 Rc8 {[%emt 0:00:10] D41: Queen's Gambit Declined: Semi-Tarrasch with 5 cxd5.} 15. Bd3 h6 16. Re3 {[%emt 0:07:34] [#]} Nf6 $146 {[%emt 0:01:30] The position is equal.} ({Predecessor:} 16... Qc7 17. e5 Rfe8 18. Ne1 f5 19. exf6 Nxf6 20. Qe2 Qd6 21. Bg6 Re7 22. Bb1 Bd5 {1-0 (56) Flear,G (2493)-Eliet,N (2453) Guingamp 2008}) 17. Bb1 Qc7 18. Ne5 Rfd8 19. Qe2 Qe7 (19... b5 $5) 20. Rg3 Kf8 (20... Qb4 $5 21. Rb3 Qa4 $11) 21. h4 Rc7 22. Rf3 Kg8 23. g4 Rdc8 {[%emt 0:03:27] Hoping for ...Rc1.} 24. g5 hxg5 25. hxg5 Nh7 26. g6 fxg6 27. Nxg6 Qe8 (27... Qg5+ $11 28. Rg3 Qh6) 28. Rg3 $36 {[%emt 0:03:23][%mdl 2048] Black is under pressure. White is much more active.} Rc1 29. Kh2 Nf8 (29... Qf7 $142) 30. Ne5 $16 {[%emt 0:03:37] And now Qg4 would win.} Qe7 $2 (30... Rxd1 $16 31. Qxd1 Rc7) 31. Qh5 $18 {[%emt 0:05:20] Threatening mate with Rh3.} Qf6 32. Ng4 $1 Qf4 33. Nh6+ Kh8 34. Nf7+ (34. Nf5+ $142 Nh7 35. Rxc1 Rg8 36. Ne7 $1 Qxf2+ 37. Kh3 g5 38. Nxg8 Ba6 39. Bd3) 34... Kg8 35. Nh6+ (35. Rxc1 $142 Qxf2+ 36. Kh3 Qxf7 37. Qxf7+ Kxf7 38. Rgc3) 35... Kh8 36. Nf7+ (36. Nf5+ $142 Nh7 37. Rxc1 Qxc1 38. Qf7 (38. Rxg7 Qf4+ 39. Kh3 Rc3+ 40. Rg3 Rxg3+ 41. Nxg3 Kg7 $16)) 36... Kg8 {[%emt 0:00:04] [#]} 37. Nh6+ $2 {[%emt 0:00:29] Weighted Error Value: White=0.95/Black=0.52} (37. Rxc1 $1 $18 Qxf2+ 38. Kh3 Qxf7 39. Qxf7+ Kxf7 40. Rgc3) 1/2-1/2

[Event "55th Biel Festival MTO 2022"]
[Site "Biel"]
[Date "2022.07.19"]
[Round "6.30"]
[White "Matsumura, Cocoro"]
[Black "Haimovich, Tal"]
[Result "0-1"]
[ECO "C92"]
[WhiteElo "2043"]
[BlackElo "2372"]
[Annotator "TA"]
[PlyCount "114"]
[EventDate "2022.07.13"]
[EventType "swiss"]
[EventCountry "SUI"]
[SourceTitle "playchess.com"]
[Source "ChessBase"]
[SourceQuality "1"]
[TimeControl "40/5400+30:1800+30"]

1. e4 e5 2. Nf3 Nc6 3. Bb5 a6 4. Ba4 Nf6 5. O-O Be7 6. Re1 b5 7. Bb3 d6 8. c3 O-O 9. h3 Bb7 10. d4 Nd7 11. Nbd2 exd4 {[%emt 0:00:42] C92: Closed Ruy Lopez: 9...Be6, Karpov and Flohr-Zaitsev Variations.} 12. cxd4 Re8 13. Nf1 Na5 {[%emt 0:00:39] The position is equal.} 14. Bc2 Nf8 (14... c5 $11) 15. Ng3 {[%emt 0:01:51] [#]} c5 $146 ({Predecessor:} 15... Nc4 16. Nh2 c5 17. b3 Nb6 18. Bb2 cxd4 19. Bxd4 Nbd7 20. Nf5 Ne6 21. Ng4 Nxd4 22. Qxd4 {1-0 (55) Batelkova,L-Hromas,J Plzen 1995}) 16. Nf5 Ng6 17. b3 Bf6 18. Bb2 Nc6 19. Rc1 (19. e5 $16 dxe5 20. dxc5) 19... Rc8 (19... Nxd4 $11 {keeps the balance.} 20. N3xd4 d5) 20. Ba1 (20. e5 $1 $16 dxe5 21. dxc5) 20... cxd4 $11 21. N3xd4 Nce7 22. Qd2 Qb6 (22... Nxf5 $11 23. Nxf5 Bg5) 23. a4 Be5 24. Nxe7+ Rxe7 25. Nf5 Rec7 {[%emt 0:01:00] ...Bxa1 is the strong threat.} 26. Bxe5 dxe5 27. axb5 axb5 28. Bb1 h6 29. Rxc7 Qxc7 30. Nd6 (30. Qe2 $11 {remains equal.}) 30... Rd8 $17 31. Rd1 Nf4 32. Qc2 Qxc2 33. Bxc2 Bc6 {[%emt 0:00:03] And now ...g6 would win.} 34. f3 $2 {[%emt 0:01:24] This move loses the game for White.} (34. b4 $17) 34... g6 $1 $19 35. Rd2 {[%emt 0:05:48][%cal Od6c4] [#]} Ne6 $1 36. f4 Nxf4 {[%emt 0:00:21] White must now prevent ...Ne6.} 37. Nc4 {[%emt 0:00:20] [#]} Rxd2 38. Nxd2 {[%emt 0:00:06][%mdl 4096] Endgame KBN-KBN} b4 39. Kf2 Kf8 40. Nc4 f6 41. h4 Ke7 42. Ne3 (42. g3 $142 Ne6 43. Nd2) 42... Ne6 43. Nd5+ $2 (43. h5 gxh5 44. Nf5+ Kf8 45. Ke2) 43... Bxd5 44. exd5 {[%emt 0:00:00] KB-KN} Nd4 45. Bxg6 Nxb3 46. Ke2 Nc5 47. g4 Kd6 48. Bf7 Ne4 (48... b3 $142 49. Kd2 e4) 49. Kd3 Nf2+ 50. Kc4 Nxg4 {[%emt 0:00:00] Black mates.} 51. Kxb4 Ne3 52. Kc3 Nxd5+ 53. Kd3 f5 54. Ke2 Nf4+ 55. Kf3 Ne6 56. Bg6 e4+ 57. Ke3 Ke5 {[%emt 0:00:00] Weighted Error Value: White=0.70/Black=0.38} 0-1

[Event "55th Biel Festival MTO 2022"]
[Site "Biel"]
[Date "2022.07.19"]
[Round "6.31"]
[White "Papadiamandis, Elliot"]
[Black "Marentini, Marcel"]
[Result "1/2-1/2"]
[ECO "C42"]
[WhiteElo "2369"]
[BlackElo "2053"]
[Annotator "TA"]
[PlyCount "114"]
[EventDate "2022.07.13"]
[EventType "swiss"]
[EventCountry "SUI"]
[SourceTitle "playchess.com"]
[Source "ChessBase"]
[SourceQuality "1"]
[TimeControl "40/5400+30:1800+30"]

1. e4 e5 2. Nf3 Nf6 3. Nxe5 d6 4. Nf3 Nxe4 5. Nc3 Nxc3 6. dxc3 Be7 7. Be3 Nc6 {[%emt 0:00:17] C42: Petroff Defence: 3 Nxe5 and unusual White 3rd moves.} 8. Bd3 Be6 9. Qe2 Qd7 {[%emt 0:01:58] White has an edge.} 10. O-O-O O-O 11. h3 Rae8 12. Kb1 Bd8 {[%emt 0:02:03] [#]} 13. Rhg1 $146 ({Predecessor:} 13. Rhe1 a6 14. Qf1 Kh8 15. Nd4 Nxd4 16. Bxd4 Bf5 17. c4 Kg8 18. a3 Bxd3 19. Rxd3 {½-½ (32) Cheparinov,I (2699)-Ju,W (2572) Caleta 2018}) 13... Bf5 14. g4 Bxd3 15. Qxd3 Ne5 16. Nxe5 Rxe5 17. f4 Ree8 18. f5 (18. Bxa7 b6 19. Qa6 Bh4 $17) 18... a6 19. Bd4 f6 (19... Qc6 $11 {is superior.}) 20. h4 h6 21. Rdf1 Qc6 22. g5 (22. c4 $11) 22... fxg5 $15 23. hxg5 Bxg5 24. f6 Qe4 {[%emt 0:05:22] And now ...c5 would win.} 25. Qg3 c5 (25... gxf6 $6 26. Bxf6 Qg6 27. Bxg5 hxg5 28. Rxf8+ Rxf8 29. b3 $11) 26. Re1 Qg6 27. fxg7 Rxe1+ 28. Rxe1 Re8 29. Rxe8+ (29. Be3 $1 $15) 29... Qxe8 {[%emt 0:00:07][%mdl 4096] Endgame KQB-KQB} 30. Bf2 Qe4 31. a3 Qd5 (31... Qh1+ $17 32. Bg1 Kxg7) 32. Qg4 $11 Kxg7 33. c4 Qf7 34. Bg3 d5 {[%emt 0:00:37] Hoping for ...Qf1+.} 35. Be5+ Kg6 {[%emt 0:00:33] ...Qf1+ is the strong threat.} (35... Kh7 36. cxd5 Kg6 37. Qd1 $14) 36. cxd5 (36. Qe2 $1 $11 {keeps the balance.}) 36... Qxd5 $17 37. Bc3 h5 38. Qc8 h4 39. Qe8+ Kf5 40. Qc8+ Kg6 (40... Kf4 $17 41. Qe8 h3) 41. Qe8+ $1 $15 Kf5 (41... Qf7 $15 42. Qe4+ (42. Qe5 Qf1+ 43. Ka2 Qf5 $17) 42... Kh6) 42. Qc8+ $1 $17 Kf4 43. Ba5 Kg3 44. Be1+ (44. Bc7+ $17 Bf4 45. Bxf4+ Kxf4 46. Qh3) 44... Kh2 $1 $19 45. Qg4 {[%emt 0:00:00] Against Qd1+} Qg2 $1 46. Qe6 h3 {[%emt 0:02:09] White must now prevent ...Kg1.} 47. Qe5+ Kh1 48. Ka2 c4 (48... Bc1 $19 {and Black stays clearly on top.} 49. Bh4 Qf3) 49. Bb4 $17 Bh4 {[%emt 0:01:21] Against Qe1+. aiming for ...Bg3.} ({But not} 49... Qxc2 $6 50. Qd5+ Qg2 51. Qd1+ Qg1 52. Qd5+ Qg2 53. Qd1+ Qg1 54. Qd5+ Qg2 $11) ({Don't play} 49... h2 $6 50. Qe1+ Qg1 51. Qe4+ Qg2 52. Qe1+ Qg1 53. Qe4+ Qg2 54. Qe1+ $11) 50. Qd4 (50. Bd6 $17 {keeps fighting.}) 50... Bf2 $19 ({Weaker is} 50... Qxc2 51. Qxh4 Qb3+ 52. Kb1 Qd1+ 53. Ka2 Qb3+ 54. Kb1 Qd1+ 55. Ka2 $11) 51. Qxc4 h2 $2 (51... Kg1 $1 $19 {Threatens to win with ...h2.} 52. Bd6 h2 53. Bxh2+ Kxh2 54. Qf4+ Qg3) 52. Bd6 {[%emt 0:00:03] [#]} (52. Qd3 $1 $15) 52... Be3 $2 ({Black should try} 52... Kg1 $1 $19 53. Bxh2+ Kxh2 54. Qf4+ Qg3) 53. Qd3 $11 Qf3 {[%emt 0:00:43] Strongly threatening ...Kg1.} 54. b3 $2 (54. c4 $11) 54... Kg2 55. Qg6+ Kh1 56. Qd3 $1 {[%emt 0:00:44] [#]} Kg2 $2 (56... Kg1 $1 $19 57. Qg6+ Qg2 58. Bxh2+ Kxh2) 57. Qg6+ Kh1 {[%emt 0:00:03] Whites escaped into a draw.  Weighted Error Value: White=0.30/Black=0.39} 1/2-1/2

[Event "55th Biel Festival MTO 2022"]
[Site "Biel"]
[Date "2022.07.19"]
[Round "6.32"]
[White "Schnepp Gunnar"]
[Black "Meduri, Aakaash"]
[Result "1-0"]
[ECO "D31"]
[WhiteElo "2265"]
[BlackElo "2000"]
[Annotator "TA"]
[PlyCount "49"]
[EventDate "2022.07.13"]
[EventType "swiss"]
[EventCountry "SUI"]
[SourceTitle "playchess.com"]
[Source "ChessBase"]
[SourceQuality "1"]
[TimeControl "40/5400+30:1800+30"]

1. d4 d5 2. c4 e6 3. Nc3 c6 4. e4 dxe4 5. Nxe4 Bb4+ 6. Bd2 Qxd4 7. Bxb4 Qxe4+ 8. Be2 Na6 9. Bd6 {[%emt 0:00:06] And now Nf3 would win.} Qxg2 {[%emt 0:11:10] D31: Queen's Gambit Declined: Semi-Slav without ...Nf6 (+ Marshall Gambit and Noteboom) and Exchange Variation lines without ...Nf6.} 10. Qd2 e5 (10... Qxh1 $2 11. O-O-O e5 12. Bxe5 $18) 11. O-O-O (11. Bf3 Qg6 12. Bxe5 Qe6 $15) 11... Be6 $2 {[%emt 0:10:44][%mdl 8192] [#]} (11... Qxh1 $2 12. Bxe5 Bf5 13. Bf3 $18) (11... Qe4 $1 $11 {and Black has nothing to worry.}) 12. Bxe5 $1 $40 {[%emt 0:14:40][%mdl 128] Hoping for Nf3. White wants a kill. This bishop pair is nice.} Ne7 {[%emt 0:23:05] [#]} (12... Qxh1 $2 13. Bf3 (13. Bxg7 Qe4 $14) 13... Qxg1 14. Rxg1 $18) (12... Nf6 13. Nf3) 13. Nf3 $146 ({Predecessor:} 13. Bf3 Qg6 14. Ne2 Qf5 15. Bxg7 Rg8 16. Nd4 Qh3 17. Nxe6 fxe6 18. Qe3 Qf5 19. Rhg1 {1-0 (45) Fernandez,M (2159)-Martinez,A (2195) Ushuaia 2018}) 13... Nf5 (13... Qg6 {was necessary.} 14. Nh4 Qe4) 14. Ng5 ({Weaker is} 14. Rhg1 Qxf2 15. Ng5 (15. Bxg7 Nxg7 16. Rxg7 h6 $16) 15... Nc5 16. Nxe6 Nxe6 $18) 14... Nc5 (14... O-O $2 15. Bf3 Qxg5 16. Qxg5 $18) 15. Bf3 {[%emt 0:04:10][%cal Be2f3,Bf3e4,Be4d3][%mdl 32] Against Ne4} Nd3+ 16. Kb1 Qxg5 17. Qxg5 Nxe5 18. Be4 f6 19. Qf4 ({Not} 19. Bxf5 fxg5 20. Bxe6 Ke7 $17) 19... g5 (19... g6 $142 20. b3 O-O) 20. Qc1 ({And not} 20. Bxf5 gxf4 21. Bxe6 Rd8 $17) 20... Ne7 (20... Nd7 $142 21. f4 g4) 21. f4 Nxc4 22. fxg5 f5 23. Bd3 Nb6 24. Rhe1 Kf7 25. Qe3 {[%emt 0:00:33] White took control after the opening.  Weighted Error Value: White=0.23 (precise) /Black=1.20} 1-0